 Dungeon Crawl Stone Soup version 0.27-a0-1196-g3e9cee4cb2 (webtiles) character file.

Game seed: 931103759822686571

325161 Delamore the Bludgeoner (level 21, -3/134 HPs)
             Began as a Gargoyle Fighter on May 29, 2021.
             Was a High Priest of Qazlal.
             Slain by a spectral caustic shrike (13 damage)
             ... on level 5 of the Depths.
             The game lasted 00:45:18 (45312 turns).

Delamore the Bludgeoner (Gargoyle Fighter)         Turns: 45312, Time: 00:45:19

Health: -3/134     AC: 42    Str: 29    XL:     21   Next: 98%
Magic:  0/32       EV: 10    Int:  5    God:    Qazlal [*****.]
Gold:   2872       SH: 24    Dex: 21    Spells: 20/20 levels left

rFire    . . .     SeeInvis .   n - +5 eveningstar (freeze)
rCold    + . .     Faith    .   c - +1 kite shield
rNeg     + + .     Spirit   +   J - +5 scale mail of Yesterday {rN+ Str+2}
rPois    ∞         Reflect  .   l - +2 helmet
rElec    +         Harm     .   Z - +2 cloak of Egal {Rampage Will+ Int-4 Dex+5}
rCorr    .         Rampage  +   B - +1 pair of gloves "Jystou Qafu" {Int-3 Dex+7}
Will     +++..                  U - +0 pair of boots
Stlth    ..........             k - amulet of guardian spirit
HPRegen  0.32/turn              O - ring of willpower
MPRegen  0.23/turn              y - ring of protection from cold

@: flying, repel missiles
A: sickness immunity, AC +16, big wings, negative energy resistance 1,
electricity resistance, torment resistance 1, petrification resistance
}: 1/15 runes: gossamer
a: Renounce Religion, Upheaval, Elemental Force, Disaster Area


You were on level 5 of the Depths.
You worshipped Qazlal.
Qazlal was extremely pleased with you.
You visited 7 branches of the dungeon, and saw 34 of its levels.
You also visited: Gauntlet.

You collected 4073 gold pieces.
You spent 1201 gold pieces at shops.

Inventory:

Hand Weapons
 n - a +5 eveningstar of freezing (weapon)
 o - a +1 vampiric demon whip
 G - a +2 eveningstar of draining
Missiles
 d - 4 boomerangs of dispersal
 t - 10 silver javelins
 x - 42 boomerangs (quivered)
 M - 5 javelins
 R - 7 curare-tipped darts
 W - 6 throwing nets
Armour
 c - a +1 kite shield (worn)
 l - a +2 helmet (worn)
 B - the +1 pair of gloves "Jystou Qafu" (worn) {Int-3 Dex+7}
   (You acquired it on level 1 of the Depths)

   It affects your intelligence (-3).
   It affects your dexterity (+7).
 F - a +0 cloak of preservation
 J - the +5 scale mail of Yesterday (worn) {rN+ Str+2}
   (You found it on level 8 of the Dungeon)

   It affects your strength (+2).
   It protects you from negative energy.
 N - a +2 tower shield of protection
 U - a +0 pair of boots (worn)
 Z - the +2 cloak of Egal (worn) {Rampage Will+ Int-4 Dex+5}
   (You found it in a Gauntlet)

   It affects your intelligence (-4).
   It affects your dexterity (+5).
   It bestows one free step when moving towards enemies.
   It increases your willpower.
Jewellery
 h - a ring of fire
 k - an amulet of guardian spirit (around neck)
 y - a ring of protection from cold (right hand)
 D - a ring of protection from fire
 O - a ring of willpower (left hand)
Wands
 q - a wand of paralysis (14)
 v - a wand of mindburst (26)
 H - a wand of iceblast (50)
 I - a wand of flame (76)
 S - a wand of acid (26)
Scrolls
 e - 7 scrolls of enchant armour
 g - 3 scrolls of noise
 i - 4 scrolls of immolation
 m - 2 scrolls of silence
 r - 2 scrolls of magic mapping
 s - 3 scrolls of summoning
 u - 6 scrolls of fear
 z - 5 scrolls of identify
 A - 9 scrolls of teleportation
 Q - 3 scrolls of blinking
 T - 3 scrolls of fog
 V - 2 scrolls of holy word
Potions
 a - 4 potions of brilliance
 b - a potion of resistance
 f - 8 potions of curing
 j - a potion of berserk rage
 p - 3 potions of invisibility
 w - 4 potions of heal wounds
 C - 7 potions of ambrosia
 E - 6 potions of mutation
 K - 2 potions of might
 L - a potion of cancellation
 P - 5 potions of magic
 X - 2 potions of haste
Miscellaneous
 Y - a condenser vane


   Skills:
 - Level 15.0 Fighting
 - Level 20.0 Maces & Flails
 - Level 15.0 Throwing
 - Level 15.0 Armour
 + Level 15.5 Shields
 + Level 15.9 Invocations
 - Level 10.0 Evocations


You had 20 spell levels left.
You didn't know any spells.
Your spell library contained the following spells:

 Spells                   Type           Power      Damage    Failure   Level
 Animate Skeleton         Necr           0%         N/A       65%         1
 Apportation              Tloc           0%         N/A       65%         1
 Beastly Appendage        Tmut           0%         N/A       65%         1
 Corona                   Hex            0%         N/A       65%         1
 Freeze                   Ice            0%         1d3       65%         1
 Magic Dart               Conj           0%         1d3       65%         1
 Pain                     Necr           0%         1d4       65%         1
 Sandblast                Erth           0%         2d4       65%         1
 Sting                    Tmut/Pois      0%         1d3       65%         1
 Summon Small Mammal      Summ           0%         N/A       65%         1
 Blink                    Tloc           N/A        N/A       80%         2
 Call Imp                 Summ           0%         N/A       80%         2
 Passwall                 Tmut/Erth      0%         N/A       80%         2
 Searing Ray              Conj           0%         3d3       80%         2
 Slow                     Hex            0%         N/A       80%         2
 Wereblood                Tmut           0%         N/A       80%         2
 Call Canine Familiar     Summ           0%         N/A       95%         3
 Conjure Flame            Conj/Fire      0%         6-21      95%         3
 Dazzling Flash           Conj/Hex       0%         N/A       95%         3
 Frozen Ramparts          Ice            0%         1d2       95%         3
 Inner Flame              Hex/Fire       0%         N/A       95%         3
 Mephitic Cloud           Conj/Pois/Air  0%         N/A       95%         3
 Ozocubu's Armour         Ice            0%         N/A       95%         3
 Spider Form              Tmut/Pois      0%         N/A       95%         3
 Stone Arrow              Conj/Erth      0%         3d7       95%         3
 Summon Guardian Golem    Hex/Summ       0%         N/A       95%         3
 Swiftness                Air            0%         N/A       95%         3
 Vampiric Draining        Necr           0%         2d6       95%         3
 Animate Dead             Necr           0%         N/A       100%        4
 Dispel Undead            Necr           0%         3d6       100%        4
 Fulminant Prism          Conj/Hex       0%         3d6       100%        4
 Hailstorm                Conj/Ice       0%         3d3       100%        4
 Ice Form                 Ice/Tmut       0%         N/A       100%        4
 Iskenderun's Mystic Bla  Conj/Tloc      0%         2d3       100%        4
 Passage of Golubria      Tloc           N/A        N/A       100%        4
 Petrify                  Tmut/Erth      0%         N/A       100%        4
 Summon Ice Beast         Ice/Summ       0%         N/A       100%        4
 Summon Lightning Spire   Summ/Air       0%         N/A       100%        4
 Hydra Form               Tmut           0%         N/A       100%        5
 Lee's Rapid Deconstruct  Erth           0%         3d5*      100%        5
 Metabolic Englaciation   Hex/Ice        0%         N/A       100%        5
 Silence                  Hex/Air        0%         N/A       100%        5
 Yara's Violent Unravell  Hex/Tmut       0%         3d3       100%        5
 Eringya's Noxious Bog    Tmut/Pois      0%         N/A       100%        6
 Freezing Cloud           Conj/Ice/Air   0%         6-21      100%        6
 Invisibility             Hex            0%         N/A       100%        6
 Simulacrum               Ice/Necr       0%         N/A       100%        6
 Ozocubu's Refrigeration  Ice            0%         4d5       100%        7
 Chain Lightning          Conj/Air       0%         N/A       100%        8
 Ignition                 Fire           0%         3d3       100%        8
 Lehudib's Crystal Spear  Conj/Erth      0%         10d2      100%        8
 Absolute Zero            Ice            0%         ∞         100%        9
 Fire Storm               Conj/Fire      0%         5d1       100%        9


Dungeon Overview and Level Annotations

Branches:
Dungeon (15/15)            Temple (1/1) D:4            Lair (6/6) D:10
 Shoals (1/4) Lair:4       Spider (4/4) Lair:4        Slime (0/5) Lair:6
    Orc (2/2) D:9             Elf (0/3) Orc:2        Vaults (0/5) D:13
 Depths (5/5) D:15        Gauntlet (visited)
    Zot: Depths:5

Altars:
Ashenzari
Cheibriados
Dithmenos
Elyvilon
Fedhas
Gozag
Hepliaklqana
Kikubaaqudgha
Makhleb
Nemelex Xobeh
Okawaru
Qazlal
Ru
Sif Muna
Trog
Uskayaw
Vehumet
Wu Jian
Xom
Yredelemnul
Zin
The Shining One
Jiyva

Shops:
D:10 !   D:11 (   Orc:2 **:(   Depths:1 [(

Portals:
Hell: Depths:1 Depths:2 Depths:3 Depths:4
Abyss: Depths:2 Depths:4
Pandemonium: Depths:3
Ziggurat: Depths:4

Annotations:
D:13 2 runed translucent doors, Qacosual's ghost, journeyman SpVM


Innate Abilities, Weirdness & Mutations

You are immune to sickness and miasma.
Your stone body is resilient. (AC +16)
You are immune to poison.
Your large and strong wings let you fly.
You resist negative energy. (rN+)
You are resistant to electric shocks. (rElec)
You are resistant to unholy torment.
You are immune to petrification.


Message History

* * * LOW HITPOINT WARNING * * *
You block the spectral caustic shrike's attack.
You hear a shout! x2
You block the spectral caustic shrike's attack. x2
You feel less protected from physical attacks.
You hear a horrible gurgling sound!
You block the spectral caustic shrike's attack.
The spriggan air mage waves its arms in wide circles.
The air twists around and strikes you.
The spectral caustic shrike claws you but does no damage.
You hear a shout!
The spectral caustic shrike completely misses you.
The spectral caustic shrike closely misses you.
You hear a shout!
You hear a grinding noise.
The spectral caustic shrike claws you but does no damage. x2
You hear a horrible gurgling sound!
You hear a grinding noise.
You block the spectral caustic shrike's attack.
The spectral caustic shrike claws you but does no damage.
Things that are here:
a +0 buckler; 5 large rocks; a tengu skeleton The spectral caustic shrike is engulfed in blazing flames.
The spectral caustic shrike claws you but does no damage.
You block the spectral caustic shrike's attack.
The spectral caustic shrike is engulfed in freezing vapours.
You block the spectral caustic shrike's attack.
You hear a horrible gurgling sound!
You block the spectral caustic shrike's attack.
The spriggan air mage waves its arms in wide circles.
The air twists around and strikes you!
* * * LOW HITPOINT WARNING * * *
The spectral caustic shrike claws you!
* * * LOW HITPOINT WARNING * * *
The spectral caustic shrike is struck by lightning.
You block the spectral caustic shrike's attack.
The spriggan air mage waves its arms in wide circles.
The air twists around and strikes you!!
* * * LOW HITPOINT WARNING * * *
The spectral caustic shrike claws you!
You die...

....♣.... #.......#
#.♣...♣.#
##.......##
#....♣[...###
..)..[.....[###
..#######..○i÷#####
..# ##..○.....# .##
###[C.Z@.# .#
####Z§.# ## #####


You could see a fire giant, a spriggan air mage (repels missiles) and 2 spectral
caustic shrikes.

Vanquished Creatures
  Jory (Depths:4)
  A golden dragon (Depths:4)
  Jorgrun (D:13)
  A tentacled monstrosity (Depths:4)
  2 liches
  A titan (Depths:2)
  2 sphinxes
  4 tengu reavers
  9 frost giants
  2 iron dragons
  The ghost of Cuesovok the Severer, a journeyman NaBe of Trog (D:15)
  A juggernaut zombie (Depths:4)
  2 deep elf sorcerers
  Louise (Depths:4)
  A balrug (D:15)
  5 fire giants
  2 ghost moths
  8 emperor scorpions
  3 spectral caustic shrikes (Depths:5)
  A caustic shrike zombie (D:15)
  A ghoul (D:13)
  14 stone giants
  A quicksilver ooze (Gauntlet)
  2 caustic shrike skeletons
  8 very ugly things
  8 vampire knights
  6 dire elephants (Lair:6)
  4 entropy weavers
  A minotaur (Gauntlet)
  6 spark wasps
  9 ettins
  2 merfolk impalers (Shoals:1)
  Josephine (D:13)
  4 fire dragons
  5 vault guards (D:13)
  The ghost of Glokmah the Severer, a journeyman HOGl of the Shining One (Lair:2)
  9 great orbs of eyes
  5 boulder beetles
  10 hydras
  12 ice dragons
  The ghost of Sergey the Cleaver, a journeyman DDFi of Ru (Lair:5)
  A hell beast (D:15)
  4 rakshasas
  3 spriggan air magi
  An ogre mage (Orc:2)
  6 centaur warriors
  2 catoblepae
  7 death yaks
  2 two-headed ogres
  7 deep troll shamans
  A titan zombie (Depths:4)
  3 tengu warriors
  An orc high priest (Orc:2)
  3 vampire magi
  8 deep troll earth magi
  7 hell knights
  3 spriggan berserkers
  A deep elf knight (D:14)
  7 skeletal warriors
  A spriggan (Depths:2)
  A sea snake (Lair:4)
  2 soul eaters
  17 deep trolls
  A sea snake (shapeshifter) (Depths:2)
  7 iron trolls
  A spectral anaconda (Lair:6)
  3 large abominations (Depths:2)
  3 glowing orange brains
  2 wizards
  2 phantasmal warriors (Depths:1)
  Pikel (D:5)
  3 harpies (Shoals:1)
  A deep elf archer (D:13)
  An orc knight (Orc:1)
  An obsidian statue (Lair:6)
  3 wolf spider zombies
  21 ugly things
  6 deep elf pyromancers
  19 orb spiders
  9 necromancers
  5 orc sorcerers
  36 wolf spiders
  4 fauns
  4 cyclopes
  6 manticores
  An oklob plant (Lair:2)
  A fire giant zombie (Depths:4)
  A frost giant zombie (D:15)
  2 moths of wrath
  8 black mambas
  Maurice (D:10)
  2 dire elephant zombies (Lair:6)
  The ghost of Sergey the Sneak, a novice DDDe of Ru (D:12)
  A merfolk siren (Shoals:1)
  15 elephants
  A water nymph (Shoals:1)
  2 unseen horrors (Depths:2)
  A yaktaur (D:13)
  13 cane toads
  2 dire elephant skeletons (Lair:6)
  4 gargoyles
  An efreet (Gauntlet)
  A fire giant skeleton (Depths:2)
  An elf zombie (Depths:4)
  A spriggan zombie (Depths:2)
  7 komodo dragons
  A freezing wraith (D:15)
  5 tengu conjurers
  3 ice devils (D:12)
  A guardian mummy (D:13)
  5 rime drakes
  3 meliai (D:14)
  14 demonic crawlers
  A troll (shapeshifter) (D:14)
  4 merfolk
  A polar bear (shapeshifter) (Depths:5)
  8 trolls
  45 jumping spiders
  7 hornets
  2 polar bears
  9 slime creatures
  A raiju (Depths:2)
  2 wind drakes (Lair:4)
  24 blink frogs
  4 dream sheep (Lair:6)
  An ettin zombie (D:15)
  2 spectral elephants (Lair:6)
  4 meliai zombies
  A fire giant simulacrum (Depths:2)
  A shadow (D:12)
  103 redbacks
  6 wraiths
  24 tarantellas
  8 centaur simulacra
  A human (shapeshifter) (D:13)
  3 wyverns
  A hog (shapeshifter) (D:8)
  3 basilisks
  2 fire elementals (Gauntlet)
  3 water elementals
  55 yaks
  Eustachio (D:4)
  6 chaos spawn
  2 steam dragons
  A death yak simulacrum (Lair:6)
  2 wargs (Orc:1)
  3 vampire mosquitoes (D:15)
  A spectral cane toad (Lair:6)
  An acid dragon (D:12)
  Duvessa (D:4)
  3 floating eyes
  9 water moccasins
  3 hell hounds (Gauntlet)
  24 orc warriors
  4 sky beasts
  2 meliai simulacra (D:12)
  3 black bears
  9 ice beasts
  10 ogres
  2 necrophages (D:6)
  5 elephant zombies (Lair:6)
  4 small abominations (Depths:2)
  14 centaurs
  3 boggarts (D:15)
  12 wolves
  3 elephant skeletons (Lair:6)
  2 phantoms
  A lemure (D:5)
  2 kobold brigands (D:7)
  12 bullfrogs
  A glowing shapeshifter simulacrum (Depths:2)
  5 cane toad simulacra (Lair:6)
  3 scorpions
  Dowan (D:4)
  A water moccasin zombie (D:6)
  A water moccasin skeleton (D:7)
  18 wights
  4 elephant simulacra (Lair:6)
  4 howler monkeys
  17 centaur zombies
  2 jellies
  A centaur skeleton (D:5)
  20 orc priests
  A wyvern simulacrum (Gauntlet)
  A hound (D:5)
  2 bullfrog skeletons
  3 gnoll shamans
  An iguana (D:5)
  37 orc wizards
  A hound skeleton (D:4)
  5 mummies (D:13)
  21 gnolls
  7 adders
  6 shadow imps
  2 white imps
  A worm (D:3)
  3 dart slugs
  56 orcs
  8 endoplasms
  A giant cockroach (D:1)
  8 hobgoblins
  21 jackals
  13 kobolds
  5 quokkas
  4 ball pythons
  4 bats
  2 frilled lizards (D:1)
  7 goblins
  2 rats (D:2)
  A bush (Lair:2)
  A butterfly (D:9)
1258 creatures vanquished.

Vanquished Creatures (others)
  An efreet (D:14)
  A tarantella (Spider:2)
  A water elemental (Depths:2)
  A jelly (D:8)
  2 orc wizards (Orc:2)
  14 fungi
  19 plants
  39 withered plants
78 creatures vanquished.

Grand Total: 1336 creatures vanquished

Notes
Turn   | Place    | Note
-------+----------+-------------------------------------------
     0 | D:1      | Delamore the Gargoyle Fighter began the quest for the Orb.
     0 | D:1      | Reached XP level 1. HP: 14/14 MP: 1/1
   127 | D:1      | Reached XP level 2. HP: 19/19 MP: 2/2
   312 | D:1      | Reached skill level 3 in Maces & Flails
   314 | D:1      | Reached XP level 3. HP: 6/24 MP: 3/3
   804 | D:1      | Found a faded altar of an unknown god.
  1372 | D:2      | Reached XP level 4. HP: 28/29 MP: 4/4
  1533 | D:2      | Found a glowing silver altar of Zin.
  1906 | D:3      | Found a shimmering altar of Xom.
  2119 | D:3      | Found a sparkling altar of Nemelex Xobeh.
  2198 | D:3      | Found a shimmering altar of Xom.
  2198 | D:3      | Found a shimmering altar of Xom.
  2198 | D:3      | Found a shimmering altar of Xom.
  2199 | D:3      | Found a shimmering altar of Xom.
  2372 | D:3      | Reached skill level 4 in Maces & Flails
  2881 | D:3      | Reached XP level 5. HP: 29/34 MP: 5/5
  3271 | D:4      | Reached skill level 5 in Maces & Flails
  3271 | D:4      | Reached XP level 6. HP: 33/40 MP: 6/6
  3330 | D:4      | Found a staircase to the Ecumenical Temple.
  3341 | D:4      | Reached skill level 5 in Fighting
  3341 | D:4      | Noticed a sky beast
  3347 | Temple   | Entered the Ecumenical Temple
  3606 | Temple   | Killed a sky beast
  3707 | D:4      | Reached skill level 6 in Maces & Flails
  3741 | D:4      | Noticed Duvessa
  3743 | D:4      | Noticed Dowan
  3752 | D:4      | Killed Duvessa
  3753 | D:4      | Reached XP level 7. HP: 35/44 MP: 4/7
  3761 | D:4      | Killed Dowan
  3764 | D:4      | Noticed Eustachio
  4419 | D:4      | Killed Eustachio
  4420 | D:4      | Reached skill level 7 in Maces & Flails
  5064 | D:4      | Reached skill level 8 in Maces & Flails
  5269 | D:4      | Found a stormy altar of Qazlal.
  5372 | D:4      | Became a worshipper of Qazlal Stormbringer
  5417 | D:5      | Entered Level 5 of the Dungeon
  5438 | D:4      | Reached XP level 8. HP: 44/49 MP: 8/8
  5570 | D:5      | Reached skill level 9 in Maces & Flails
  6018 | D:5      | Reached skill level 10 in Maces & Flails
  6133 | D:5      | Noticed a two-headed ogre
  6555 | D:5      | Reached XP level 9. HP: 49/54 MP: 7/9
  6639 | D:5      | Found a glowing golden altar of the Shining One.
  6650 | D:5      | Reached skill level 11 in Maces & Flails
  6694 | D:5      | Found a shadowy altar of Dithmenos.
  6744 | D:5      | Found an opulent altar of Gozag.
  6799 | D:5      | Found an iron altar of Okawaru.
  7438 | D:6      | Noticed Pikel
  7466 | D:5      | Killed Pikel
  7554 | D:5      | Reached skill level 12 in Maces & Flails
  7752 | D:5      | Reached * piety under Qazlal
  8013 | D:6      | Reached skill level 13 in Maces & Flails
  8087 | D:6      | Reached XP level 10. HP: 54/59 MP: 8/10
  8244 | D:6      | Found a broken altar of Ashenzari.
  9161 | D:7      | Reached skill level 14 in Maces & Flails
  9303 | D:6      | Reached skill level 1 in Throwing
  9564 | D:7      | Reached ** piety under Qazlal
  9893 | D:7      | Reached skill level 5 in Shields
 10081 | D:7      | Found a hide-covered altar of Uskayaw.
 10650 | D:7      | Reached XP level 11. HP: 34/63 MP: 5/11
 11091 | D:8      | Noticed a centaur warrior
 11091 | D:8      | Noticed a boulder beetle
 11112 | D:8      | Killed a centaur warrior
 11113 | D:8      | Reached skill level 5 in Throwing
 11156 | D:8      | Killed a boulder beetle
 11375 | D:8      | Noticed a five-headed hydra
 11401 | D:8      | Killed a five-headed hydra
 11403 | D:8      | Noticed a catoblepas
 11717 | D:8      | Killed a catoblepas
 11949 | D:8      | Noticed a cyclops
 11962 | D:8      | Killed a cyclops
 11963 | D:8      | Reached skill level 10 in Shields
 11968 | D:8      | Identified the +8 hunting sling of Darkness {venom, Str+4
                  | Int-5}
 12068 | D:8      | Identified the +5 scale mail of Yesterday {rN+ Str+2}
 12087 | D:8      | Identified the +6 great sword of Spite {vorpal, rC+}
 12109 | D:8      | Reached *** piety under Qazlal
 12160 | D:8      | Noticed a boulder beetle
 12656 | D:9      | Found a white marble altar of Elyvilon.
 12712 | D:9      | Found a staircase to the Orcish Mines.
 13119 | D:9      | Found a hazy altar of Hepliaklqana.
 13365 | D:9      | Identified 2 scrolls of acquirement
 13365 | D:9      | Acquired a manual of Maces & Flails
 13367 | D:9      | Acquired a +0 eveningstar of holy wrath
 13661 | D:8      | Found a basalt altar of Yredelemnul.
 13942 | D:8      | Killed a boulder beetle
 14107 | D:8      | Found an ancient bone altar of Kikubaaqudgha.
 14270 | D:10     | Entered Level 10 of the Dungeon
 14276 | D:10     | Reached XP level 12. HP: 68/68 MP: 12/12
 14305 | D:10     | Found Derax's Distillery.
 14315 | D:10     | Bought a potion of brilliance for 40 gold pieces
 14315 | D:10     | Bought a potion of heal wounds for 50 gold pieces
 14315 | D:10     | Bought 2 potions of heal wounds for 100 gold pieces
 14315 | D:10     | Bought a potion of flight for 30 gold pieces
 14325 | D:10     | Noticed Maurice
 14331 | D:10     | Killed Maurice
 14722 | D:10     | Found a staircase to the Lair.
 14732 | D:10     | Reached skill level 15 in Maces & Flails
 14979 | Lair:1   | Entered Level 1 of the Lair of Beasts
 15468 | Lair:1   | Identified the +2 kite shield of Leawnel {Will- rCorr
                  | Dex+2}
 15754 | Lair:2   | Found a runed translucent door.
 15778 | Lair:2   | Reached **** piety under Qazlal
 16048 | Lair:2   | Reached skill level 16 in Maces & Flails
 16602 | Lair:2   | Noticed Glokmah's ghost (journeyman HOGl)
 16923 | Lair:3   | Noticed a seven-headed hydra
 16924 | Lair:3   | Killed a seven-headed hydra
 17094 | Lair:3   | Noticed a five-headed hydra
 17105 | Lair:3   | Killed a five-headed hydra
 17106 | Lair:3   | Reached XP level 13. HP: 56/72 MP: 9/13
 17112 | Lair:3   | Acquired 996 gold pieces
 17386 | Lair:3   | Reached skill level 5 in Armour
 17882 | Lair:4   | Acquired a manual of Fighting
 18103 | Lair:4   | Found a staircase to the Shoals.
 18138 | Lair:4   | Found a hole to the Spider Nest.
 18168 | Lair:4   | Reached skill level 15 in Shields
 18809 | Lair:5   | Reached skill level 1 in Invocations
 18838 | Lair:5   | Reached ***** piety under Qazlal
 19221 | Lair:5   | Noticed Sergey's ghost (journeyman DDFi)
 19227 | Lair:5   | Found a runed translucent gate.
 19228 | Lair:5   | Found a runed translucent gate.
 19228 | Lair:5   | Found a runed translucent gate.
 19920 | Lair:5   | Killed Sergey's ghost
 19929 | Lair:5   | Gained mutation: Your large and strong wings let you fly.
                  | [Gargoyle growth]
 19929 | Lair:5   | Reached XP level 14. HP: 82/82 MP: 16/16
 20021 | Lair:6   | Entered Level 6 of the Lair of Beasts
 20021 | Lair:6   | Noticed a dire elephant
 20047 | Lair:6   | Killed a dire elephant
 20107 | Lair:6   | Reached skill level 5 in Invocations
 20334 | Lair:6   | Found a viscous altar of Jiyva.
 20335 | Lair:6   | Found a staircase to the Slime Pits.
 20341 | Lair:6   | Noticed a dire elephant
 20341 | Lair:6   | Noticed a dire elephant
 20342 | Lair:6   | Noticed a dire elephant
 20343 | Lair:6   | Noticed a dire elephant
 20379 | Lair:5   | Reached skill level 10 in Armour
 20567 | Lair:5   | Reached skill level 10 in Fighting
 21447 | Lair:6   | Killed a dire elephant
 21465 | Lair:6   | Killed a dire elephant
 21479 | Lair:6   | Killed a dire elephant
 21491 | Lair:6   | Killed a dire elephant
 21564 | Lair:6   | Identified the +6 dagger of Greed {holy, *Rage Str+6}
 21641 | Lair:6   | Reached ****** piety under Qazlal
 21690 | Lair:6   | Noticed a dire elephant
 21709 | Lair:6   | Killed a dire elephant
 21710 | Lair:6   | Reached XP level 15. HP: 91/97 MP: 19/21
 21951 | Lair:6   | Reached skill level 17 in Maces & Flails
 22348 | Lair:2   | Killed Glokmah's ghost
 22428 | Orc:1    | Entered Level 1 of the Orcish Mines
 23035 | Orc:2    | Entered Level 2 of the Orcish Mines
 24100 | Orc:2    | Found a staircase to the Elven Halls.
 24165 | Orc:2    | Found Qynown's General Store.
 24165 | Orc:2    | Found Sydwext's Assorted Antiques.
 24166 | Orc:2    | Found Sont's Book Shop.
 24170 | Orc:2    | Found Cuuddes's Antique Weapon Shop.
 24173 | Orc:2    | Bought a scroll of identify for 26 gold pieces
 24173 | Orc:2    | Bought a scroll of teleportation for 39 gold pieces
 24179 | Orc:2    | Bought a fizzy purple potion for 29 gold pieces
 24179 | Orc:2    | Bought a scroll labelled QERUSCH SIBYTU for 33 gold pieces
 24179 | Orc:2    | Bought a scroll labelled IGHYNEA JIYCE for 33 gold pieces
 24179 | Orc:2    | Bought a runed scarf for 264 gold pieces
 24179 | Orc:2    | Bought a scroll of immolation for 115 gold pieces
 24470 | D:11     | Reached skill level 10 in Invocations
 24723 | D:11     | Found Biurgh's Antique Weapon Shop.
 25093 | D:12     | Found a runed translucent gate.
 25093 | D:12     | Found a runed translucent gate.
 25093 | D:12     | Found a runed translucent gate.
 25129 | D:12     | Noticed Sergey's ghost (novice DDDe)
 25384 | D:12     | Reached skill level 18 in Maces & Flails
 25747 | D:12     | Killed Sergey's ghost
 26160 | D:13     | Reached XP level 16. HP: 97/106 MP: 23/23
 26208 | D:13     | Noticed Josephine
 26229 | D:13     | Killed Josephine
 26433 | D:13     | Found a runed translucent door.
 26435 | D:13     | Found a runed translucent door.
 26438 | D:13     | Noticed Qacosual's ghost (journeyman SpVM)
 26439 | D:13     | Noticed a lich
 26455 | D:13     | Noticed Jorgrun
 26469 | D:13     | Killed Jorgrun
 26767 | D:13     | Found a gate to the Vaults.
 27390 | D:15     | Entered Level 15 of the Dungeon
 27453 | D:15     | Reached skill level 19 in Maces & Flails
 27463 | D:15     | Found a frozen archway.
 27464 | D:15     | Found a gate leading to a gauntlet.
 27473 | Gauntlet | Entered a Gauntlet
 27473 | Gauntlet | Found a transporter.
 27473 | Gauntlet | Found a runed translucent door.
 27577 | Gauntlet | Found a runed translucent door.
 27658 | Gauntlet | Found a transporter.
 27662 | Gauntlet | Found a transporter.
 27691 | Gauntlet | Found a runed translucent door.
 27691 | Gauntlet | Found a runed translucent door.
 27695 | Gauntlet | Found a transporter.
 27696 | Gauntlet | Found the +8 frozen axe "Frostbite" {freezing cloud, *Noise
                  | Fly rC+}
 27699 | Gauntlet | Found a transporter.
 27704 | Gauntlet | Found a transporter.
 27710 | Gauntlet | Found a transporter.
 27714 | Gauntlet | Found a transporter.
 27719 | Gauntlet | Found a transporter.
 27723 | Gauntlet | Found a transporter.
 27727 | Gauntlet | Found a transporter.
 27732 | Gauntlet | Found a transporter.
 27738 | Gauntlet | Found a transporter.
 27823 | Gauntlet | Found a transporter.
 28047 | Gauntlet | Identified the +2 cloak of Egal {Rampage Will+ Int-4 Dex+5}
 28127 | Gauntlet | Identified the Papyrus of Unstable Cold
 28130 | Gauntlet | Identified Tiepaodo's Handbook of Curses
 28133 | Gauntlet | Identified the Tome of the Ghastly Volcanoes
 28417 | D:15     | Found a staircase to the Depths.
 28856 | D:15     | Found a runed translucent gate.
 28856 | D:15     | Found a runed translucent gate.
 28856 | D:15     | Found a runed translucent gate.
 28856 | D:15     | Noticed Cuesovok's ghost (journeyman NaBe)
 28858 | D:15     | Found a basalt altar of Yredelemnul.
 28891 | D:15     | Killed Cuesovok's ghost
 29414 | D:14     | Reached XP level 17. HP: 111/111 MP: 24/24
 30156 | D:14     | Reached skill level 20 in Maces & Flails
 30156 | D:14     | Reached XP level 18. HP: 116/116 MP: 25/25
 30329 | Spider:1 | Entered Level 1 of the Spider Nest
 30512 | Spider:1 | Reached skill level 1 in Evocations
 30731 | Spider:1 | Reached skill level 15 in Armour
 31152 | Spider:1 | Identified the +0 leather armour of Rate {rC+ Str+4}
 32796 | Spider:3 | Reached skill level 15 in Fighting
 32796 | Spider:3 | Reached skill level 5 in Evocations
 32978 | Spider:3 | Reached XP level 19. HP: 57/124 MP: 20/26
 33671 | Spider:4 | Entered Level 4 of the Spider Nest
 34951 | Spider:4 | Got a gossamer rune of Zot
 35289 | Shoals:1 | Entered Level 1 of the Shoals
 35309 | Shoals:1 | Reached skill level 10 in Throwing
 36234 | Depths:1 | Entered Level 1 of the Depths
 36234 | Depths:1 | Found Uluaneth's Antique Armour Emporium.
 37515 | Depths:1 | Bought a runed plate armour for 442 gold pieces
 37565 | Depths:1 | Reached skill level 10 in Evocations
 37592 | Depths:1 | Reached XP level 20. HP: 39/129 MP: 1/27
 37977 | Depths:1 | Found Ettubug's Weapon Shoppe.
 38446 | Depths:1 | Found an ancient bone altar of Kikubaaqudgha.
 38587 | Depths:1 | Found a gateway to Hell.
 39991 | Depths:2 | Paralysed by a floating eye for 4 turns
 40004 | Depths:2 | Paralysed by a floating eye for 3 turns
 40347 | Depths:1 | Acquired the +1 pair of gloves "Jystou Qafu" {Int-3 Dex+7}
 40480 | Depths:2 | Found a one-way gate to the infinite horrors of the Abyss.
 41283 | Depths:2 | Identified the +5 falchion of the Volcano {pain, rPois}
 41294 | Depths:2 | Paralysed by a floating eye for 3 turns
 41405 | Depths:2 | Reached skill level 15 in Throwing
 41714 | Depths:3 | Reached XP level 21. HP: 111/134 MP: 23/29
 42432 | Depths:3 | Found a sacrificial altar of Ru.
 42458 | Depths:3 | Paralysed by a floating eye for 2 turns
 43205 | Depths:3 | Found a one-way gate leading to the halls of Pandemonium.
 43845 | Depths:4 | Noticed Jory
 43878 | Depths:4 | Killed Jory
 44138 | Depths:4 | Noticed a golden dragon
 44148 | Depths:4 | Killed a golden dragon
 44246 | Depths:4 | Reached skill level 15 in Invocations
 44508 | Depths:4 | Noticed Louise
 44540 | Depths:4 | Killed Louise
 44649 | Depths:4 | Found a gateway to a ziggurat.
 44973 | Depths:5 | Entered Level 5 of the Depths
 45312 | Depths:5 | Slain by a spectral caustic shrike

Illustrated notes

Levels and vault maps discovered:
D:1:      eino_arrival_druids_welcome, layout_loops_ring,
          hellmonk_ecumenical_altar_inner_sanctum
D:2:      layout_loops_cross, basic_altar, minmay_misc_feat_alley
D:3:      layout_loops_ring, xom_redecorated, old_standard_altar,
          minmay_box_of_dots
D:4:      layout_rooms, kennysheep_mini_moat, minmay_temple_entry_wispy,
          minmay_distorted, uniq_eustachio, uniq_duvessa
D:5:      wad_river_or_something, layout_basic, nicolae_overflow_hidden_temple,
          tso_altar, lemuel_round_altar, lemuel_doored_altar
D:6:      layout_rooms, nicolae_overflow_crystal_walls, uniq_pikel
D:7:      layout_loops_ring, general_overflow_altar, kennysheep_another_room,
          chequers_garden
D:8:      minmay_the_grid_four_pointed_star
          [minmay_the_grid_triangle_9x9_dagger,
          minmay_the_grid_triangle_9x9_from_above,
          minmay_the_grid_triangle_9x9_checkered,
          minmay_the_grid_triangle_9x9_warning,
          minmay_the_grid_prize_trominoes], layout_basic, lemuel_tele_altar,
          kennysheep_mini
D:9:      layout_cave_pods, nicolae_elyvilon_peaceful_grove,
          lemuel_crystal_altar, orc_0_dummy
D:10:     layout_basic, david_lair_shrubbed, serial_shops, shop_statue,
          uniq_maurice
D:11:     layout_long_grid, serial_shops, nicolae_shop_stone
D:12:     layout_roguey, gammafunk_ghost_icy
D:13:     layout_long_grid, grunt_vaults_entry_fortified, serial_undead,
          serial_undead_d, serial_undead_a, serial_undead_f, serial_undead_c,
          serial_undead_d, serial_undead_c, serial_undead_e,
          muffindrake_ghost_dual_entry, uniq_jorgrun, uniq_josephine
D:14:     layout_loops_ring
D:15:     gammafunk_depths_entry_grave, layout_cave_pods,
          gauntlet_entry_generic, portal_ice_cave_entry_ice_beasts,
          nicolae_yredelemnul_ghost_church
Temple:   nicolae_temple_figure_zero
Lair:1:   layout_concentric_octagons
Lair:2:   layout_regular_city, ebering_ghost_reflecting_pool,
          minmay_lair_oklob_bushes
Lair:3:   layout_regular_city, serial_bayou_pond_c, serial_bayou_shore_a
Lair:4:   layout_hall_layers, minmay_shoals_entry_beasts,
          nicolae_spider_entry_tight_spaces, columned_hall_lemuel
Lair:5:   layout_cellular_growth, gammafunk_ghost_split, st_stairs_12,
          lemuel_fruit_tree
Lair:6:   due_jungle_book, layout_regular_city, slime_altar_1,
          infiniplex_staircase_pool_2, grunt_megastairs_5
Shoals:1: layout_shoals, nicolae_shoals_dead_sea_scrolls
Spider:1: layout_spider_delve, nicolae_spider_some_kinda_spiderbox
Spider:2: layout_chambers, hangedman_spider_tarantella_strand
Spider:3: layout_spider_delve
Spider:4: grunt_spider_rune_circles
Orc:1:    layout_caves
Orc:2:    st_orc_mages, layout_caves
Depths:1: layout_small_grid, kennysheep_cross_room, grunt_mini_vestibule,
          serial_shops, shop, shop, nicolae_kikubaaqudgha_miasma_corner
Depths:2: hangedman_stitches_corridor, layout_gridlike, minmay_room_of_horrors,
          hell_entry, serial_bayou_ford_a, minmay_strange_pillars
Depths:3: minmay_shrinking_squares, layout_gridlike, grunt_pan_entry_sceptre,
          hell_entry, dk_noncrumbling_3, nicolae_ru_sacrificial_ziggurat,
          grunt_megastairs_1
Depths:4: minmay_glassy_protrusions, layout_basic, enter_ziggurat_f,
          grunt_decor_junction, hangedman_coc_ice_floe,
          nicolae_abyss_entry_one_way_or_another, lemuel_another_geyser,
          uniq_jory
Depths:5: evilmike_zot_entry_round, layout_gridville, serial_shops,
          nicolae_shop_crystal, pf_hell_entry_tar_river, minmay_misc_feat_cross,
          abyss_entry, hangedman_decor_points, dispersion_dpeg,
          grunt_megastairs_4, uniq_margery

Skill      XL: |  1  2  3  4  5  6  7  8  9 10 11 12 13 14 15 16 17 18 19 20 21 |
---------------+----------------------------------------------------------------+-----
Maces & Flails | 3 4 5 6 8 10 13 14 16 18 19 20 | 20.0
Fighting       | 4 5 7 12 14 15 | 15.0
Throwing       | 4 5 8 11 15 | 15.0
Shields        | 6 11 14 15 | 15.5
Armour         | 4 9 10 11 14 15 | 15.0
Invocations    | 3 8 10 11 15 | 15.9
Evocations     | 6 10 | 10.0

Action                   |  1- 3 |  4- 6 |  7- 9 | 10-12 | 13-15 | 16-18 | 19-21 || total
-------------------------+-------+-------+-------+-------+-------+-------+-------++-------
Melee: Flail             |   115 |   207 |   277 |       |       |       |       ||   599
       Whip              |       |       |    94 |   696 |       |       |       ||   790
       Eveningstar       |       |       |       |   275 |  1192 |   947 |  1358 ||  3772
       Demon whip        |       |       |       |       |       |       |   139 ||   139
Throw: Dart              |       |       |    15 |    11 |       |       |       ||    26
Invok: Disaster Area     |       |       |       |       |       |     3 |    10 ||    13
Evoke: Wand              |       |       |       |     1 |       |     4 |       ||     5
  Use: Scroll            |     1 |     3 |       |    14 |     9 |     7 |     6 ||    40
       Potion            |       |       |       |     4 |       |     2 |    11 ||    17
 Stab: Petrified         |       |       |       |    16 |       |       |       ||    16
       Held in net/web   |       |       |       |       |       |       |     3 ||     3
Armor: Scale mail        |    79 |   159 |   121 |   145 |   456 |   374 |   915 ||  2249
       Chain mail        |       |       |   162 |   193 |       |       |       ||   355
Dodge: Dodged            |    42 |    78 |   120 |   181 |   210 |   189 |   386 ||  1206
       Repelled          |       |       |       |       |     4 |       |     6 ||    10
Block: Kite shield       |    77 |   144 |   226 |   647 |  1085 |   962 |  1580 ||  4721

Table legend: (Time is in decaauts)
 A = Elapsed time spent in this place.
 B = Non-inter-level travel time spent in this place.
 C = Inter-level travel time spent in this place.
 D = Time resting spent in this place.
 E = Time spent auto-exploring this place.
 F = Levels seen in this place.
 G = Mean time per level.
                   A        B        C        D        E       F      G
               +--------+--------+--------+--------+--------+-----+--------+
         Total |  44161 |  42197 |   1964 |   9242 |  25751 |  35 | 1261.7 |
       Dungeon |  20215 |  19243 |    972 |   4510 |  11315 |  15 | 1347.7 |
        Temple |   1307 |   1298 |      9 |    998 |    229 |   1 | 1307.0 |
          Lair |   8039 |   7492 |    547 |   1161 |   5222 |   6 | 1339.8 |
        Shoals |     30 |     30 |      0 |      0 |      0 |   1 |   30.0 |
   Spider Nest |   4716 |   4504 |    212 |    560 |   3151 |   4 | 1179.0 |
  Orcish Mines |   1448 |   1376 |     72 |    151 |    934 |   2 |  724.0 |
        Depths |   7685 |   7534 |    151 |   1624 |   4745 |   5 | 1537.0 |
      Gauntlet |    717 |    717 |      0 |    238 |    155 |   1 |  717.0 |
               +--------+--------+--------+--------+--------+-----+--------+

Top non-repeatable levels by time:
     D:5: 2650 daAuts
Depths:2: 2327 daAuts
    D:15: 2253 daAuts
Depths:3: 2035 daAuts
     D:8: 1910 daAuts
Depths:1: 1893 daAuts
  Lair:5: 1716 daAuts
  Lair:4: 1707 daAuts
     D:9: 1652 daAuts
  Lair:6: 1639 daAuts
     D:7: 1489 daAuts
     D:3: 1412 daAuts
    D:13: 1384 daAuts
Spider:2: 1378 daAuts
  Temple: 1307 daAuts
